Map: 프리온 단구

Players

llllllllllll (Scarlett) - Winner!

  • Race: Zerg Zerg
  • League: Grandmaster

AlphaGo

  • Race: Protoss Protoss
  • League: Grandmaster

VOD

Have the link to the VOD?

Description

Time

  • Played on: April 10, 2016, 3:19 a.m.
  • Length: 8:04
Show
View Real Time Build Order
Export as new Build Order

llllllllllll Zerg - Winner!

Build Orders: Hatch First 

Get SALT Encoding   

  12  0:00  Drone  
  13  0:09  Drone  
  14  0:18  Overlord  
  14  0:23  Extractor  
  14  0:24  Drone  
  15  0:37  Drone x2  
  17  0:52  Hatchery  
  16  0:57  Drone x2  
  18  1:12  Extractor, Spawning Pool  
  18  1:14  Drone  
  18  1:18  Drone  
  18  1:28  Drone  
  19  1:37  Drone  
  20  1:47  Hatchery  
  19  2:00  Drone x2  
  21  2:05  Queen  
  23  2:08  Drone  
  23  2:14  Metabolic Boost  
  24  2:20  Drone  
  25  2:24  Overlord  
  25  2:30  Drone x2  
  27  2:43  Drone x3  
  32  2:49  Queen  
  32  2:52  Pneumatized Carapace  
  32  2:55  Drone  
  32  2:57  Drone  
  34  3:00  Overlord  
  34  3:01  Queen  
  37  3:05  Zergling x4  
  37  3:09  Zergling x2  
  37  3:12  Zergling x2  
  40  3:17  Drone  
  40  3:18  Drone  
  42  3:22  Evolution Chamber, Zergling x2, Extractor  
  42  3:24  Baneling Nest  
  42  3:25  Drone  
  42  3:31  Drone x2  
  44  3:37  Queen  
  44  3:38  Drone  
  44  3:40  Drone x2  
  48  3:46  Drone x2  
  50  3:54  Overlord  
  50  3:59  Zerg Melee Weapons Level 1  
  50  4:00  Overlord  
  50  4:08  Overlord  
  50  4:12  Queen  
  50  4:16  Zergling x4  
  50  4:17  Zergling x8  
  58  4:20  Baneling  
  58  4:21  Baneling x6  
  58  4:22  Zergling x8  
  62  4:30  Drone, Zergling x4  
  62  4:31  Zergling x6  
  68  4:35  Overlord  
  68  4:41  Queen x2  
  72  4:50  Zergling x4  
  72  4:52  Overlord x2  
  74  4:54  Queen  
  76  5:01  Zergling x10  
  74  5:25  Zergling x26  
  74  5:32  Zergling x4, Queen  
  74  5:45  Drone  
  74  5:46  Drone x6  
  80  5:56  Queen  
  82  5:58  Queen  
  84  6:04  Zergling x8  
  84  6:05  Zergling x2  
  89  6:16  Baneling x3  
  89  6:18  Baneling  
  89  6:19  Zergling x2  
  89  6:20  Zergling x12  
  89  6:21  Baneling x3  
  89  6:23  Baneling  
  96  6:26  Zergling x4  
  96  6:32  Baneling x13  
  98  6:37  Overlord x2  
  98  6:40  Baneling x2  
  93  7:03  Zergling x18  
  93  7:04  Queen  
  105  7:09  Queen  
  99  7:20  Zergling x2  
  99  7:21  Zergling x2  
  96  7:25  Overlord x3  
  96  7:28  Zergling x2  
  96  7:29  Zergling x10  
  94  7:36  Zergling x2  
  90  7:37  Zergling x2  
  90  7:38  Zergling x2  
Show
View Real Time Build Order
Export as new Build Order

AlphaGo Protoss 

Build Orders: Nexus First, Mass Adepts 

Get SALT Encoding   

  12  0:01  Probe (Chrono Boost)  
  13  0:11  Probe (Chrono Boost)  
  14  0:17  Pylon  
  14  0:22  Probe (Chrono Boost)  
  15  0:36  Probe (Chrono Boost)  
  16  0:46  Probe (Chrono Boost)  
  17  1:02  Nexus  
  17  1:04  Probe (Chrono Boost)  
  18  1:14  Gateway  
  18  1:17  Probe (Chrono Boost)  
  19  1:21  Assimilator  
  19  1:27  Probe (Chrono Boost)  
  19  1:30  Assimilator  
  20  1:38  Probe (Chrono Boost)  
  21  1:43  Gateway  
  21  1:48  Probe (Chrono Boost)  
  22  2:00  Probe (Chrono Boost)  
  23  2:01  Cybernetics Core  
  23  2:13  Probe (Chrono Boost)  
  23  2:15  Probe (Chrono Boost)  
  25  2:24  Probe (Chrono Boost)  
  25  2:26  Probe (Chrono Boost)  
  25  2:27  Pylon  
  27  2:34  Probe (Chrono Boost)  
  27  2:36  Probe (Chrono Boost)  
  29  2:40  Adept (Chrono Boost)  
  29  2:41  Warp Gate (Chrono Boost), Adept (Chrono Boost)  
  33  2:45  Probe  
  34  2:52  Twilight Council  
  34  2:54  Probe (Chrono Boost)  
  34  2:57  Probe (Chrono Boost)  
  36  3:05  Adept  
  38  3:06  Adept  
  38  3:07  Pylon  
  38  3:09  Probe (Chrono Boost)  
  38  3:10  Probe (Chrono Boost)  
  42  3:18  Resonating Glaives (Chrono Boost)  
  42  3:19  Probe (Chrono Boost)  
  43  3:21  Probe (Chrono Boost)  
  44  3:27  Mothership Core (Chrono Boost)  
  44  3:32  Probe  
  47  3:36  Adept x2  
  51  3:44  Probe  
  51  3:45  Gateway  
  51  3:47  Gateway  
  51  3:48  Probe, Assimilator  
  52  3:50  Assimilator  
  52  3:53  Pylon  
  53  3:56  Probe  
  54  4:05  Pylon  
  54  4:09  Pylon  
  54  4:11  Probe x2, Adept x2  
  60  4:22  Nexus  
  60  4:24  Pylon  
  60  4:26  Probe (Chrono Boost)  
  60  4:27  Probe (Chrono Boost)  
  62  4:32  Pylon  
  62  4:40  Blink  
  62  4:42  Probe (Chrono Boost)  
  62  4:43  Probe (Chrono Boost)  
  64  4:46  Adept  
  64  4:47  Adept  
  64  4:48  Adept x2  
  73  4:54  Probe (Chrono Boost)  
  73  4:56  Probe (Chrono Boost)  
  74  5:03  Forge  
  74  5:06  Probe (Chrono Boost)  
  75  5:07  Sentry x2  
  75  5:08  Sentry x2  
  75  5:11  Probe (Chrono Boost)  
  83  5:18  Probe (Chrono Boost)  
  76  5:21  Probe (Chrono Boost)  
  76  5:22  Pylon  
  75  5:30  Robotics Facility, Probe (Chrono Boost)  
  75  5:32  Probe (Chrono Boost)  
  71  5:37  Robotics Facility, Probe (Chrono Boost)  
  71  5:42  Probe (Chrono Boost)  
  74  5:43  Probe (Chrono Boost)  
  74  5:47  Probe (Chrono Boost)  
  74  5:48  Gateway  
  67  5:51  Gateway  
  67  5:52  Sentry  
  67  5:53  Sentry  
  71  6:00  Adept  
  71  6:01  Zealot  
  75  6:05  Pylon  
  75  6:07  Probe  
  75  6:08  Probe  
  75  6:09  Probe  
  78  6:11  Assimilator  
  78  6:12  Gateway  
  78  6:13  Assimilator  
  78  6:15  Pylon  
  78  6:16  Pylon  
  78  6:18  Gateway  
  78  6:20  Observer (Chrono Boost)  
  81  6:28  Pylon  
  81  6:29  Warp Prism (Chrono Boost)  
  81  6:30  Adept  
  81  6:31  Adept x2  
  87  6:34  Stalker  
  89  6:42  Stalker  
  91  6:48  Stalker  
  91  6:52  Stalker x3  
  97  6:58  Stalker  
  97  7:01  Probe  
  100  7:12  Mothership Core (Chrono Boost)  
  100  7:14  Stalker x3  
  81  7:22  Adept x3  
  74  7:25  Adept  
Tags
 
Add a new tag
Caveats
  • Supply blocks, unpowered buildings, or Contaminate may cause inaccurate times.
  • Supply counts are checked every 10 seconds.